[Event "Biel Main Tournament 2019"]
[Site "Biel"]
[Date "2019.07.26"]
[Round "5.5"]
[White "Prieb, Robert"]
[Black "Jud, Marc"]
[Result "1-0"]
[ECO "D91"]
[WhiteElo "1824"]
[BlackElo "1940"]
[Annotator "NA"]
[PlyCount "97"]
[EventDate "2019.07.20"]
[EventType "swiss"]
[EventCountry "SUI"]
[SourceTitle "playchess.com"]
[Source "ChessBase"]
[SourceQuality "1"]
[TimeControl "40/5400+30:1800+30"]

1. d4 Nf6 2. c4 g6 3. Nc3 d5 4. Nf3 Bg7 5. Bg5 Ne4 6. Bh4 Nxc3 7. bxc3 c5 8. cxd5 Qxd5 9. e3 cxd4 10. cxd4 Qa5+ 11. Qd2 Qxd2+ 12. Kxd2 Nc6 13. Bb5 Bd7 14. Rab1 Rd8 15. Rhc1 f6 16. Ke2 e6 17. Bg3 O-O 18. Bc4 Na5 19. Bc7 Nxc4 20. Bxd8 b5 21. Be7 Re8 22. Bc5 a6 23. a4 Bf8 24. Bxf8 Kxf8 25. axb5 Bxb5 26. Ke1 Re7 27. Rb4 Nd6 28. Nd2 f5 29. Rc5 Nb7 30. Rc8+ Kg7 31. Nc4 Kf6 32. Rb2 Kg7 33. Kd2 Kf6 34. g3 Kg7 35. Kc3 Kf6 36. Rb8 Rc7 37. Kd2 Kg7 38. f3 Kf6 39. Na3 Nd6 40. Rb6 Nc4+ 41. Nxc4 Rxc4 42. d5 Rc5 43. Rxe6+ Kf7 44. e4 Rc4 45. Rc2 Rd4+ 46. Ke3 Rd3+ 47. Kf4 fxe4 48. fxe4 Kg7 49. Rc7+ 1-0

[Event "Biel Main Tournament 2019"]
[Site "Biel"]
[Date "2019.07.26"]
[Round "5.6"]
[White "Wenger, Arejou"]
[Black "Esper, Christian"]
[Result "0-1"]
[ECO "C10"]
[WhiteElo "1730"]
[BlackElo "1979"]
[Annotator "NA"]
[PlyCount "46"]
[EventDate "2019.07.20"]
[EventType "swiss"]
[EventCountry "SUI"]
[SourceTitle "playchess.com"]
[Source "ChessBase"]
[SourceQuality "1"]
[TimeControl "40/5400+30:1800+30"]

1. e4 e6 2. d4 d5 3. Nd2 dxe4 4. Nxe4 Nd7 5. Nf3 Be7 6. Bd3 Ngf6 7. Nxf6+ Nxf6 8. O-O O-O 9. Re1 b6 10. c3 Bb7 11. Qe2 c5 12. Bf4 Bxf3 13. Qxf3 cxd4 14. Rad1 Qd5 15. cxd4 Qxf3 16. gxf3 Nd5 17. Bg3 Bf6 18. Bc4 Rfd8 19. Rd2 Ne7 20. b3 Rxd4 21. Rxd4 Bxd4 22. Rd1 Rd8 23. Bc7 Bxf2+ 0-1

[Event "Biel Main Tournament 2019"]
[Site "Biel"]
[Date "2019.07.26"]
[Round "5.7"]
[White "Deubelbeiss, Rene"]
[Black "Stoecklin, Carlo"]
[Result "1-0"]
[ECO "A36"]
[WhiteElo "1972"]
[BlackElo "1870"]
[Annotator "NA"]
[PlyCount "105"]
[EventDate "2019.07.20"]
[EventType "swiss"]
[EventCountry "SUI"]
[SourceTitle "playchess.com"]
[Source "ChessBase"]
[SourceQuality "1"]
[TimeControl "40/5400+30:1800+30"]

1. c4 g6 2. g3 Bg7 3. Bg2 Nf6 4. Nc3 O-O 5. e4 d6 6. Nge2 c5 7. O-O Nc6 8. d3 Ne8 9. Be3 Nd4 10. Qd2 Bh3 11. f4 Bxg2 12. Kxg2 e6 13. f5 exf5 14. Bg5 f6 15. Bh6 Nxe2 16. Nxe2 fxe4 17. dxe4 Qe7 18. Nc3 Nc7 19. Bxg7 Kxg7 20. Rae1 Rfe8 21. Qf4 a6 22. Nd5 Ne6 23. Qxf6+ Qxf6 24. Rxf6 Ng5 25. Rxd6 Nxe4 26. Rd7+ Kh6 27. Rxb7 Nd2 28. Rxe8 Rxe8 29. Rxh7+ Kxh7 30. Nf6+ Kh6 31. Nxe8 Nxc4 32. b3 Ne5 33. Nc7 a5 34. Ne6 c4 35. bxc4 Nxc4 36. Kf2 Na3 37. Ke2 Nb5 38. Kd3 Kh5 39. Nf4+ Kg4 40. Nxg6 Kh3 41. Ne5 Kxh2 42. g4 Kg3 43. a4 Nd6 44. Ke3 Kh4 45. Kf4 Nb7 46. Nf3+ Kh3 47. g5 Nc5 48. g6 Ne6+ 49. Kf5 Ng7+ 50. Kf6 Nh5+ 51. Kg5 Ng7 52. Nd4 Kg3 53. Nf5+ 1-0

[Event "Biel Main Tournament 2019"]
[Site "Biel"]
[Date "2019.07.26"]
[Round "5.8"]
[White "Fondain, Georges"]
[Black "Meinecke, Florian"]
[Result "0-1"]
[ECO "B13"]
[WhiteElo "1839"]
[BlackElo "1968"]
[Annotator "NA"]
[PlyCount "80"]
[EventDate "2019.07.20"]
[EventType "swiss"]
[EventCountry "SUI"]
[SourceTitle "playchess.com"]
[Source "ChessBase"]
[SourceQuality "1"]
[TimeControl "40/5400+30:1800+30"]

1. e4 c6 2. Nc3 d5 3. Nf3 Bg4 4. exd5 cxd5 5. d4 Nc6 6. Bb5 a6 7. Ba4 Nf6 8. Bg5 e6 9. Bxc6+ bxc6 10. Qd3 Bf5 11. Qd2 Qb6 12. Bxf6 gxf6 13. Na4 Qb4 14. Qxb4 Bxb4+ 15. c3 Bd6 16. Nd2 Rg8 17. g3 Ke7 18. b3 Rab8 19. Nb2 c5 20. dxc5 Bxc5 21. Ke2 h5 22. Nd1 e5 23. Ne3 Be6 24. Rad1 Rgc8 25. Nb1 Rd8 26. Rc1 Rbc8 27. Ng2 Bf5 28. b4 Bb6 29. Rcd1 Bxb1 30. Rxb1 Rxc3 31. Rb2 Rdc8 32. Rd1 Ke6 33. Ne1 e4 34. Ng2 d4 35. Nf4+ Ke5 36. Ng2 d3+ 37. Kf1 Rc2 38. Rd2 Rxb2 39. Rxb2 Rc2 40. Ne3 Bxe3 0-1

[Event "Biel Main Tournament 2019"]
[Site "Biel"]
[Date "2019.07.28"]
[Round "6.2"]
[White "Meyer, Prosper"]
[Black "Prieb, Robert"]
[Result "0-1"]
[ECO "D01"]
[WhiteElo "1916"]
[BlackElo "1824"]
[Annotator "NA"]
[PlyCount "86"]
[EventDate "2019.07.20"]
[EventType "swiss"]
[EventCountry "SUI"]
[SourceTitle "playchess.com"]
[Source "ChessBase"]
[SourceQuality "1"]
[TimeControl "40/5400+30:1800+30"]

1. d4 Nf6 2. Nc3 d5 3. Bg5 Nbd7 4. f3 c6 5. e4 dxe4 6. fxe4 e5 7. Nf3 exd4 8. Bd2 Qa5 9. Nxd4 Qb6 10. Nf5 g6 11. Ng3 Qxb2 12. Rb1 Qa3 13. Qf3 Bg7 14. Rb3 Qe7 15. Bd3 O-O 16. O-O Ne5 17. Qd1 Nfg4 18. Qe1 Be6 19. Rb1 Nxd3 20. cxd3 Bd4+ 21. Kh1 Qc5 22. h3 Nf2+ 23. Kh2 Nxd3 24. Na4 Nxe1 25. Nxc5 Bxc5 26. Rfxe1 b6 27. Bh6 Rfd8 28. a4 Rd3 29. Ne2 Rad8 30. Nf4 R3d4 31. Bg5 Re8 32. a5 b5 33. Bf6 Rd2 34. Rbc1 Bc4 35. Rcd1 Rf2 36. Kg3 Ra2 37. Kg4 h5+ 38. Kg5 Be7 39. Bxe7 Rxe7 40. Kf6 Re8 41. Rd7 Rxa5 42. Red1 Rxe4 43. Nxg6 Re6+ 0-1

[Event "Biel Main Tournament 2019"]
[Site "Biel"]
[Date "2019.07.28"]
[Round "6.3"]
[White "Esper, Christian"]
[Black "Brait, Wolfgang"]
[Result "1/2-1/2"]
[ECO "C04"]
[WhiteElo "1979"]
[BlackElo "1923"]
[Annotator "NA"]
[PlyCount "52"]
[EventDate "2019.07.20"]
[EventType "swiss"]
[EventCountry "SUI"]
[SourceTitle "playchess.com"]
[Source "ChessBase"]
[SourceQuality "1"]
[TimeControl "40/5400+30:1800+30"]

1. e4 e6 2. d4 d5 3. Nd2 Nc6 4. Ngf3 Nf6 5. e5 Nd7 6. c3 f6 7. exf6 Qxf6 8. Bb5 h6 9. O-O Bd6 10. Nb3 O-O 11. Be3 Ne7 12. Qd2 c6 13. Bd3 Nf5 14. Rae1 e5 15. dxe5 Nxe5 16. Nxe5 Bxe5 17. Bc5 Bd6 18. Bxd6 Qxd6 19. Re2 Bd7 20. Rfe1 Rf7 21. Bb1 g6 22. Nd4 Nxd4 23. Qxd4 b6 24. Qe5 Qxe5 25. Rxe5 Kg7 26. h4 Raf8 1/2-1/2

[Event "Biel Main Tournament 2019"]
[Site "Biel"]
[Date "2019.07.28"]
[Round "6.5"]
[White "Siddharth, Gopakumar"]
[Black "Pao, Lucas Ping"]
[Result "*"]
[ECO "B19"]
[WhiteElo "1847"]
[BlackElo "1969"]
[Annotator "NA RC"]
[PlyCount "28"]
[EventDate "2019.07.20"]
[EventType "swiss"]
[EventCountry "SUI"]
[SourceTitle "playchess.com"]
[Source "ChessBase"]
[SourceQuality "1"]
[TimeControl "40/5400+30:1800+30"]

1. e4 c6 2. d4 d5 3. Nc3 dxe4 4. Nxe4 Bf5 5. Ng3 Bg6 6. h4 h6 7. Nf3 Nd7 8. h5 Bh7 9. Bd3 Bxd3 10. Qxd3 e6 11. Ne4 Ngf6 12. Nxf6+ Nxf6 13. Bd2 Be7 14. O-O-O Qc7 *

[Event "Biel Main Tournament 2019"]
[Site "Biel"]
[Date "2019.07.28"]
[Round "6.7"]
[White "Gerber, Renaud"]
[Black "Haag, Rolf"]
[Result "1-0"]
[ECO "C01"]
[WhiteElo "1952"]
[BlackElo "1821"]
[Annotator "NA"]
[PlyCount "20"]
[EventDate "2019.07.20"]
[EventType "swiss"]
[EventCountry "SUI"]
[SourceTitle "playchess.com"]
[Source "ChessBase"]
[SourceQuality "1"]
[TimeControl "40/5400+30:1800+30"]

1. e4 e6 2. d4 d5 3. exd5 exd5 4. Bd3 c5 5. dxc5 Bxc5 6. Nc3 Nf6 7. Bg5 O-O 8. Bxf6 Bg4 9. Bxd8 g6 10. h4 h6 1-0

[Event "Biel Main Tournament 2019"]
[Site "Biel"]
[Date "2019.07.28"]
[Round "6.9"]
[White "Sudan, Georges"]
[Black "Wenger, Arejou"]
[Result "*"]
[ECO "B03"]
[WhiteElo "1978"]
[BlackElo "1730"]
[Annotator "NA RC"]
[PlyCount "21"]
[EventDate "2019.07.20"]
[EventType "swiss"]
[EventCountry "SUI"]
[SourceTitle "playchess.com"]
[Source "ChessBase"]
[SourceQuality "1"]
[TimeControl "40/5400+30:1800+30"]

1. e4 Nf6 2. e5 Nd5 3. d4 d6 4. Bc4 Nb6 5. Bb3 dxe5 6. Qh5 e6 7. dxe5 c5 8. Qe2 Nc6 9. Nf3 c4 10. Bxc4 Nxc4 11. O-O *

[Event "Biel Main Tournament 2019"]
[Site "Biel"]
[Date "2019.07.31"]
[Round "7.1"]
[White "Prieb, Robert"]
[Black "Schneuwly, Achim"]
[Result "0-1"]
[ECO "A43"]
[WhiteElo "1824"]
[BlackElo "1984"]
[Annotator "NA"]
[PlyCount "88"]
[EventDate "2019.07.20"]
[EventType "swiss"]
[EventCountry "SUI"]
[TimeControl "40/5400+30:1800+30"]

1. d4 c5 2. d5 e6 3. c4 exd5 4. cxd5 d6 5. Nc3 Ne7 6. e4 Ng6 7. h3 Be7 8. Nf3 O-O 9. Be2 Bf6 10. O-O Re8 11. Qc2 Na6 12. Bxa6 bxa6 13. Be3 Rb8 14. Nd2 Rb4 15. a3 Rb7 16. Rad1 Bd7 17. Rfe1 Qb8 18. Rb1 Bb5 19. Nxb5 axb5 20. f4 c4 21. g4 h6 22. Nf3 Qc7 23. Rbc1 Qa5 24. g5 hxg5 25. fxg5 Be5 26. Bd2 Qd8 27. Rf1 Bf4 28. Rce1 Rbe7 29. Kh1 Qc8 30. Kg2 f6 31. gxf6 gxf6 32. Rg1 Kf7 33. e5 dxe5 34. Kf2 e4 35. Rxg6 Qc5+ 36. Kf1 Bxd2 37. Qxd2 Kxg6 38. Nh4+ Kf7 39. Qh6 Rg8 40. Qh5+ Kf8 41. Ng6+ Rxg6 42. Qxg6 Qxd5 43. Qh6+ Rg7 44. Qh8+ Kf7 0-1

[Event "Biel Main Tournament 2019"]
[Site "Biel"]
[Date "2019.07.30"]
[Round "7.2"]
[White "Thode, Gilda"]
[Black "Gerber, Renaud"]
[Result "1-0"]
[ECO "D03"]
[WhiteElo "1931"]
[BlackElo "1952"]
[Annotator "NA"]
[PlyCount "81"]
[EventDate "2019.07.20"]
[EventType "swiss"]
[EventCountry "SUI"]
[TimeControl "40/5400+30:1800+30"]

1. d4 d5 2. Nf3 Nf6 3. Bg5 Ne4 4. Bf4 e6 5. e3 g5 6. Be5 f6 7. Nbd2 Nxd2 8. Nxg5 fxe5 9. Qh5+ Kd7 10. Nf7 Qf6 11. dxe5 Qf5 12. Qxf5 exf5 13. Nxh8 Ke7 14. Kxd2 Bg7 15. f4 Be6 16. Bd3 Nd7 17. g4 Rf8 18. gxf5 Bxf5 19. Rag1 Bxh8 20. Bxf5 Rxf5 21. Rg8 Rf8 22. Rhg1 Kf7 23. R8g5 Re8 24. Rh5 Nf8 25. Rf5+ Ke6 26. Rfg5 Nd7 27. Rg8 Rf8 28. h4 Kf7 29. R8g5 Nc5 30. Rh5 h6 31. Rxh6 Rg8 32. Rxg8 Kxg8 33. b4 Ne4+ 34. Kd3 Bg7 35. Rg6 Kf7 36. h5 Bf8 37. a3 a5 38. c4 axb4 39. axb4 c6 40. cxd5 cxd5 41. Rb6 1-0

[Event "Biel Main Tournament 2019"]
[Site "Biel"]
[Date "2019.07.30"]
[Round "7.3"]
[White "Esper, Christian"]
[Black "Meyer, Prosper"]
[Result "1-0"]
[ECO "C06"]
[WhiteElo "1979"]
[BlackElo "1916"]
[Annotator "NA"]
[PlyCount "55"]
[EventDate "2019.07.20"]
[EventType "swiss"]
[EventCountry "SUI"]
[TimeControl "40/5400+30:1800+30"]

1. e4 e6 2. d4 d5 3. Nd2 Nf6 4. e5 Nfd7 5. Bd3 c5 6. c3 Nc6 7. Ne2 cxd4 8. cxd4 f6 9. exf6 Nxf6 10. Nf3 Bd6 11. O-O Qc7 12. Nc3 a6 13. Bg5 O-O 14. Rc1 Qf7 15. Na4 Qh5 16. h3 Nxd4 17. Nxd4 Qxg5 18. Nb6 Ne4 19. Bxe4 dxe4 20. Nxa8 Bd7 21. Nb6 Be8 22. Nc4 Bf4 23. Nxe6 Qh6 24. Nxf8 Kxf8 25. Rc3 b5 26. Ne3 b4 27. Rc8 Qe6 28. Qd8 1-0

[Event "Biel Main Tournament 2019"]
[Site "Biel"]
[Date "2019.07.30"]
[Round "7.5"]
[White "Deubelbeiss, Rene"]
[Black "Lada, Ireneusz"]
[Result "1-0"]
[ECO "A10"]
[WhiteElo "1972"]
[BlackElo "1914"]
[Annotator "NA"]
[PlyCount "95"]
[EventDate "2019.07.20"]
[EventType "swiss"]
[EventCountry "SUI"]
[TimeControl "40/5400+30:1800+30"]

1. c4 b6 2. Nc3 e6 3. e4 Bb7 4. Nge2 g6 5. g3 Bg7 6. Bg2 Ne7 7. O-O O-O 8. d3 c5 9. Bf4 d6 10. Qd2 Nbc6 11. Bh6 Qd7 12. Bxg7 Kxg7 13. f4 f5 14. Rad1 Nd4 15. Nxd4 cxd4 16. Ne2 e5 17. Rf2 Rf6 18. b3 Raf8 19. Qb4 fxe4 20. dxe4 Bc6 21. Qd2 a5 22. Nc1 Bb7 23. Nd3 Nc6 24. Rdf1 Qe7 25. a3 Qf7 26. Rc1 Qe7 27. b4 axb4 28. axb4 Ra8 29. c5 dxc5 30. bxc5 Na5 31. fxe5 Rxf2 32. Qxf2 Nb3 33. Rf1 bxc5 34. Qf6+ Qxf6 35. exf6+ Kf7 36. Ne5+ Ke6 37. Nc4 Ba6 38. Bh3+ Kf7 39. Nd6+ Kf8 40. Rb1 c4 41. e5 c3 42. e6 Re8 43. Nxe8 c2 44. Rc1 Nxc1 45. Nd6 Ne2+ 46. Kf2 Bb5 47. e7+ Kg8 48. f7+ 1-0

[Event "Biel Main Tournament 2019"]
[Site "Biel"]
[Date "2019.07.30"]
[Round "7.6"]
[White "Pao, Lucas Ping"]
[Black "Muthu, Prakash R."]
[Result "1-0"]
[ECO "C56"]
[WhiteElo "1969"]
[BlackElo "2060"]
[Annotator "NA"]
[PlyCount "87"]
[EventDate "2019.07.20"]
[EventType "swiss"]
[EventCountry "SUI"]
[TimeControl "40/5400+30:1800+30"]

1. e4 e5 2. Nf3 Nc6 3. d4 exd4 4. Bc4 Nf6 5. e5 d5 6. Bb5 Ne4 7. Nxd4 Bd7 8. Bxc6 bxc6 9. O-O Bc5 10. f3 Ng5 11. f4 Ne6 12. c3 f5 13. Be3 O-O 14. Kh1 Be7 15. Nd2 c5 16. Nxe6 Bxe6 17. Nb3 c4 18. Nd4 Qd7 19. Qf3 c5 20. Nxe6 Qxe6 21. Rad1 Rad8 22. Rf2 Rd7 23. Rfd2 Rfd8 24. Qf2 Qc6 25. h3 g6 26. Kh2 h5 27. Rg1 Kf7 28. Rgd1 Ke6 29. Qf3 Kf7 30. Kg1 Ke6 31. Kf2 Qb7 32. Ke2 Qb5 33. Kf2 d4 34. cxd4 cxd4 35. Rxd4 Rxd4 36. Rxd4 Qxb2+ 37. Qe2 c3 38. Kf3 Rc8 39. Qa6+ Kf7 40. Qxc8 c2 41. e6+ Kg7 42. Rd7 Qb4 43. Bd4+ Kh6 44. Qh8# 1-0

[Event "Biel Main Tournament 2019"]
[Site "Biel"]
[Date "2019.07.31"]
[Round "7.7"]
[White "Kalbermatter, Philipp"]
[Black "Meinecke, Florian"]
[Result "0-1"]
[ECO "B14"]
[WhiteElo "1869"]
[BlackElo "1968"]
[Annotator "NA"]
[PlyCount "116"]
[EventDate "2019.07.20"]
[EventType "swiss"]
[EventCountry "SUI"]
[TimeControl "40/5400+30:1800+30"]

1. e4 c6 2. d4 d5 3. exd5 cxd5 4. c4 e6 5. Nc3 Nf6 6. Bg5 Be7 7. Nf3 O-O 8. Bd3 Nc6 9. O-O dxc4 10. Bxc4 Nd5 11. Bxe7 Ncxe7 12. Rc1 b6 13. Re1 Nxc3 14. bxc3 Bb7 15. Qd3 Bd5 16. Bb3 Bxb3 17. axb3 h6 18. c4 Qd6 19. Qe3 Nc6 20. Red1 Rfd8 21. g3 Ne7 22. Kg2 Rac8 23. Qe5 a5 24. Qxd6 Rxd6 25. Kf1 Kf8 26. Ke2 f6 27. Ra1 Ke8 28. c5 bxc5 29. Rxa5 cxd4 30. Rxd4 Rb6 31. Rc4 Rxb3 32. Rxc8+ Nxc8 33. Nd4 Rb6 34. Rb5 Rxb5 35. Nxb5 Kd7 36. f4 Kc6 37. Nc3 Nb6 38. Kd3 Nd5 39. Ne4 f5 40. Nd2 Nb6 41. Kd4 Kd6 42. Nf3 Nd7 43. Ke3 Kd5 44. h3 Nb6 45. Nh4 Nc4+ 46. Kd3 g5 47. Ng2 e5 48. fxe5 Nxe5+ 49. Ke3 Nc4+ 50. Kd3 Nb2+ 51. Ke3 Nd1+ 52. Kf3 Kd4 53. h4 Ke5 54. hxg5 hxg5 55. Ne3 Nxe3 56. Kxe3 g4 57. Kf2 Kd4 58. Ke2 Ke4 0-1

[Event "Biel Main Tournament 2019"]
[Site "Biel"]
[Date "2019.07.30"]
[Round "7.8"]
[White "Valencak, Stanislav"]
[Black "Siddharth, Gopakumar"]
[Result "1/2-1/2"]
[ECO "B21"]
[WhiteElo "1942"]
[BlackElo "1847"]
[Annotator "NA"]
[PlyCount "127"]
[EventDate "2019.07.20"]
[EventType "swiss"]
[EventCountry "SUI"]
[TimeControl "40/5400+30:1800+30"]

1. e4 c5 2. f4 d5 3. e5 Nc6 4. c4 e6 5. Nf3 f6 6. Nc3 d4 7. Ne4 fxe5 8. fxe5 Qc7 9. d3 Nxe5 10. Be2 Be7 11. O-O Nxf3+ 12. Bxf3 Nf6 13. Bf4 e5 14. Bg3 O-O 15. Qe2 Nxe4 16. Bxe4 Bf6 17. Bd5+ Kh8 18. Bxe5 Bg4 19. Qxg4 Bxe5 20. g3 Bf6 21. Rae1 Rae8 22. Qh5 Rxe1 23. Rxe1 g6 24. Qh3 Bg5 25. Rf1 Be3+ 26. Kh1 Rxf1+ 27. Qxf1 Kg7 28. Kg2 Qe7 29. Qf3 b6 30. Qg4 Bg5 31. h4 Bf6 32. Be4 Qe5 33. b3 Kf8 34. Qc8+ Qe8 35. Qc7 Qe7 36. Qc6 Kg7 37. a4 Be5 38. Qc8 Bd6 39. Qg4 Kh8 40. Kh3 Qe5 41. Kg2 Bb8 42. h5 gxh5 43. Qc8+ Kg7 44. Qd7+ Kf8 45. Qd8+ Kg7 46. Qh4 h6 47. Qh3 Kf6 48. Kf3 Kg7 49. Qd7+ Kf8 50. Ke2 h4 51. Qd8+ Kg7 52. Qxh4 Qg5 53. Qh3 Bxg3 54. Qd7+ Kf8 55. Kd1 Qh5+ 56. Kc1 Bf4+ 57. Kc2 Qe2+ 58. Kb1 Qe1+ 59. Ka2 Qd2+ 60. Ka1 Qc1+ 61. Ka2 Qc2+ 62. Ka1 Qc1+ 63. Ka2 Qc2+ 64. Ka1 1/2-1/2

[Event "Biel Main Tournament 2019"]
[Site "Biel"]
[Date "2019.07.30"]
[Round "8.1"]
[White "Schneuwly, Achim"]
[Black "Thode, Gilda"]
[Result "1-0"]
[ECO "A47"]
[WhiteElo "1984"]
[BlackElo "1931"]
[Annotator "NA"]
[PlyCount "99"]
[EventDate "2019.07.20"]
[EventType "swiss"]
[EventCountry "SUI"]
[SourceTitle "playchess.com"]
[Source "ChessBase"]
[SourceQuality "1"]
[TimeControl "40/5400+30:1800+30"]

1. d4 e6 2. Nd2 Nf6 3. Ngf3 c5 4. e3 b6 5. Bd3 Bb7 6. O-O Nc6 7. Re1 Be7 8. b3 Nb4 9. Bf1 Ne4 10. Bb2 cxd4 11. exd4 Rc8 12. c4 f5 13. a3 Na6 14. Nxe4 fxe4 15. Nd2 d5 16. Qh5+ Kf8 17. Rad1 Bg5 18. f3 g6 19. Qg4 e3 20. Nb1 Qf6 21. h4 Bxh4 22. Rxe3 Nc7 23. Bd3 Kg7 24. g3 Bg5 25. f4 Bh6 26. Nd2 Rhf8 27. Nf3 Kg8 28. Ne5 Rcd8 29. Re2 Bg7 30. Rh2 h5 31. Qxg6 Qxg6 32. Nxg6 Rfe8 33. Rxh5 dxc4 34. Be2 cxb3 35. Kf2 Rd5 36. Ne5 Rdd8 37. Rc1 Rc8 38. Rc3 Nd5 39. Rxb3 Nf6 40. Rh2 Rc2 41. Kg1 Bd5 42. Rb5 Rb8 43. Bf3 Rxh2 44. Kxh2 a6 45. Rb4 Bf8 46. Bxd5 Nxd5 47. Rc4 b5 48. Rc6 Rb6 49. Rc8 Ne7 50. Rxf8+ 1-0

[Event "Biel Main Tournament 2019"]
[Site "Biel"]
[Date "2019.07.30"]
[Round "8.2"]
[White "Meinecke, Florian"]
[Black "Esper, Christian"]
[Result "1/2-1/2"]
[ECO "D02"]
[WhiteElo "1968"]
[BlackElo "1979"]
[Annotator "NA"]
[PlyCount "64"]
[EventDate "2019.07.20"]
[EventType "swiss"]
[EventCountry "SUI"]
[SourceTitle "playchess.com"]
[Source "ChessBase"]
[SourceQuality "1"]
[TimeControl "40/5400+30:1800+30"]

1. d4 d5 2. Bf4 Nf6 3. e3 e6 4. Nd2 Nbd7 5. c3 Be7 6. Bd3 c5 7. h3 b6 8. Ngf3 Bb7 9. O-O O-O 10. Ne5 Nxe5 11. dxe5 Nd7 12. Qg4 Kh8 13. Nf3 Qe8 14. Ng5 h6 15. Nh7 Rg8 16. Nf6 Nxf6 17. exf6 Bxf6 18. Qh5 Qf8 19. h4 g6 20. Qxh6+ Qxh6 21. Bxh6 Bxh4 22. Bf4 Bf6 23. f3 Kg7 24. Kf2 Rh8 25. Rh1 c4 26. Bc2 b5 27. Rxh8 Kxh8 28. Bd6 a5 29. a3 Kg7 30. f4 Ra6 31. Bc7 Be7 32. g4 Bd6 1/2-1/2

[Event "Biel Main Tournament 2019"]
[Site "Biel"]
[Date "2019.07.30"]
[Round "8.5"]
[White "Marty, Fridolin"]
[Black "Prieb, Robert"]
[Result "1-0"]
[ECO "B98"]
[WhiteElo "1921"]
[BlackElo "1824"]
[Annotator "NA"]
[PlyCount "79"]
[EventDate "2019.07.20"]
[EventType "swiss"]
[EventCountry "SUI"]
[SourceTitle "playchess.com"]
[Source "ChessBase"]
[SourceQuality "1"]
[TimeControl "40/5400+30:1800+30"]

1. e4 c5 2. Nf3 d6 3. d4 cxd4 4. Nxd4 Nf6 5. Nc3 a6 6. Bg5 e6 7. Qe2 Be7 8. f4 h6 9. Bxf6 Bxf6 10. O-O-O Nd7 11. g4 b5 12. Bg2 Bb7 13. e5 Bxg2 14. Qxg2 dxe5 15. fxe5 Bxe5 16. Rhe1 Bxd4 17. Rxd4 O-O 18. Ne4 Qa5 19. Re3 Ne5 20. g5 h5 21. Nf6+ Kh8 22. Rxe5 Qxa2 23. Qe4 g6 24. Rc5 Rad8 25. Qe5 Rxd4 26. Qxd4 e5 27. Rxe5 Qa1+ 28. Kd2 Qa5+ 29. b4 Qc7 30. Nd5 Qc4 31. Qxc4 bxc4 32. Nf6 Rd8+ 33. Kc3 Kg7 34. h4 Kf8 35. Kxc4 Rc8+ 36. Kb3 Rd8 37. c4 Rd3+ 38. Ka4 Rd8 39. Ka5 Ra8 40. Re8+ 1-0

[Event "Biel Main Tournament 2019"]
[Site "Biel"]
[Date "2019.07.30"]
[Round "8.6"]
[White "Stijve, Niels"]
[Black "Novalic, Miralem"]
[Result "1-0"]
[ECO "B80"]
[WhiteElo "1817"]
[BlackElo "2010"]
[Annotator "NA"]
[PlyCount "20"]
[EventDate "2019.07.20"]
[EventType "swiss"]
[EventCountry "SUI"]
[SourceTitle "playchess.com"]
[Source "ChessBase"]
[SourceQuality "1"]
[TimeControl "40/5400+30:1800+30"]

1. e4 c5 2. Nf3 d6 3. d4 cxd4 4. Nxd4 Nf6 5. Nc3 a6 6. Be3 e6 7. f3 Be7 8. Qd2 O-O 9. O-O-O Qc7 10. g4 Nc6 1-0

[Event "Biel Main Tournament 2019"]
[Site "Biel"]
[Date "2019.07.30"]
[Round "8.8"]
[White "Svergina, Sofya"]
[Black "Valencak, Stanislav"]
[Result "0-1"]
[ECO "B38"]
[WhiteElo "1593"]
[BlackElo "1942"]
[Annotator "NA"]
[PlyCount "25"]
[EventDate "2019.07.20"]
[EventType "swiss"]
[EventCountry "SUI"]
[SourceTitle "playchess.com"]
[Source "ChessBase"]
[SourceQuality "1"]
[TimeControl "40/5400+30:1800+30"]

1. e4 c5 2. Nf3 g6 3. d4 cxd4 4. Nxd4 Bg7 5. Be3 b6 6. c4 Bb7 7. Nc3 Nf6 8. f3 Nc6 9. Be2 O-O 10. O-O Rc8 11. Rc1 Ne5 12. Nd5 h5 13. h3 0-1

[Event "Biel Main Tournament 2019"]
[Site "Biel"]
[Date "2019.07.30"]
[Round "8.9"]
[White "Weyer Hans-Jürgen"]
[Black "Lips, Adrian"]
[Result "0-1"]
[ECO "B92"]
[WhiteElo "1879"]
[BlackElo "1817"]
[Annotator "NA"]
[PlyCount "88"]
[EventDate "2019.07.20"]
[EventType "swiss"]
[EventCountry "SUI"]
[SourceTitle "playchess.com"]
[Source "ChessBase"]
[SourceQuality "1"]
[TimeControl "40/5400+30:1800+30"]

1. e4 c5 2. Nf3 d6 3. d4 cxd4 4. Nxd4 Nf6 5. Nc3 a6 6. Be2 e5 7. Nb3 Be7 8. O-O O-O 9. Be3 Be6 10. a4 Nbd7 11. f3 Nb6 12. Re1 d5 13. exd5 Nbxd5 14. Nxd5 Nxd5 15. Bf2 Qc7 16. Nc1 Rfd8 17. Nd3 Nb4 18. a5 Qxc2 19. Rc1 Qxd1 20. Rexd1 Bb3 21. Nxe5 Bxd1 22. Bxd1 Bf6 23. Nc4 Nd3 24. Rb1 Nxb2 25. Nxb2 Bxb2 26. Be2 Rd2 27. Kf1 Re8 28. Bc4 Rc2 29. Be1 Rxc4 30. Rxb2 Rc1 31. Re2 Rxe2 32. Kxe2 Rxe1+ 33. Kxe1 Kf8 34. Kd2 Ke7 35. Kc3 Kd6 36. Kc4 Kc6 37. f4 b5+ 38. axb6 Kxb6 39. Kb4 a5+ 40. Ka4 f5 41. h3 h5 42. g3 g6 43. h4 Ka6 44. Kb3 Kb5 0-1

[Event "Biel Main Tournament 2019"]
[Site "Biel"]
[Date "2019.07.31"]
[Round "8.10"]
[White "Siddharth, Gopakumar"]
[Black "Jenny, Philipp"]
[Result "1/2-1/2"]
[ECO "D10"]
[WhiteElo "1847"]
[BlackElo "1752"]
[Annotator "NA"]
[PlyCount "40"]
[EventDate "2019.07.20"]
[EventType "swiss"]
[EventCountry "SUI"]
[TimeControl "40/5400+30:1800+30"]

1. d4 d5 2. c4 c6 3. cxd5 cxd5 4. Bg5 g6 5. Nc3 Bg7 6. e3 Nf6 7. Qb3 e6 8. Qa3 Bd7 9. Nb5 Bxb5 10. Bxb5+ Nbd7 11. Nf3 a6 12. Bxd7+ Qxd7 13. Rc1 Ne4 14. Bf4 Bf8 15. Qb3 Qb5 16. Qxb5+ axb5 17. O-O Bd6 18. Bh6 Kd7 19. a3 Rhc8 20. Ng5 f6 1/2-1/2

[Event "Biel Main Tournament 2019"]
[Site "Biel"]
[Date "2019.07.31"]
[Round "9.2"]
[White "Thode, Gilda"]
[Black "Sudan, Georges"]
[Result "1-0"]
[ECO "A48"]
[WhiteElo "1931"]
[BlackElo "1978"]
[Annotator "NA"]
[PlyCount "60"]
[EventDate "2019.07.20"]
[EventType "swiss"]
[EventCountry "SUI"]
[SourceTitle "playchess.com"]
[Source "ChessBase"]
[SourceQuality "1"]
[TimeControl "40/5400+30:1800+30"]

1. d4 Nf6 2. Nf3 g6 3. Bg5 Bg7 4. Nbd2 d6 5. e4 h6 6. Bh4 O-O 7. c3 c5 8. dxc5 dxc5 9. Bc4 Nc6 10. Qe2 a6 11. a4 g5 12. Bg3 Nh5 13. Nxg5 Nxg3 14. hxg3 Ne5 15. Ngf3 Bg4 16. Qe3 Bxf3 17. gxf3 Nxc4 18. Nxc4 b5 19. Nd2 Qd6 20. e5 Qxe5 21. Qxe5 Bxe5 22. Rh5 f6 23. f4 Bd6 24. Rxh6 Rab8 25. a5 c4 26. Ne4 Rbd8 27. Nxd6 Rxd6 28. Rd1 Rfd8 29. Rd5 Kf7 30. Rxf6+ Ke8 1-0

[Event "Biel Main Tournament 2019"]
[Site "Biel"]
[Date "2019.07.31"]
[Round "9.3"]
[White "Deubelbeiss, Rene"]
[Black "Marty, Fridolin"]
[Result "1/2-1/2"]
[ECO "A25"]
[WhiteElo "1972"]
[BlackElo "1921"]
[Annotator "NA"]
[PlyCount "23"]
[EventDate "2019.07.20"]
[EventType "swiss"]
[EventCountry "SUI"]
[SourceTitle "playchess.com"]
[Source "ChessBase"]
[SourceQuality "1"]
[TimeControl "40/5400+30:1800+30"]

1. c4 e5 2. g3 Nc6 3. Nc3 Bc5 4. Bg2 a6 5. e3 Ba7 6. d3 d6 7. a3 Nf6 8. Nf3 Bg4 9. b4 Qd7 10. Bb2 Nd8 11. h3 Bh5 12. Rc1 1/2-1/2